 Dungeon Crawl Stone Soup version 0.30-a0-778-g2ef04afb54 (webtiles) character file.

Game seed: 2100449611723191931

60 bande the Covered (level 4, -1/29 HPs)
             Began as a Gargoyle Fighter on Feb 17, 2023.
             Slain by Crazy Yiuf
             ... wielding a +4 quarterstaff of chaos
              (2 damage)
             ... on level 2 of the Dungeon.
             The game lasted 00:02:03 (1261 turns).

bande the Covered (Gargoyle Fighter)                Turns: 1261, Time: 00:02:04

Health: -1/29      AC: 10    Str: 20    XL:     4   Next: 6%
Magic:  3/4        EV:  9    Int:  8    God:
Gold:   159        SH:  0    Dex: 11    Spells: 3/3 levels left

rFire   + . .      SeeInvis .    a - +0 war axe
rCold   + . .      Faith    .    c - +0 buckler
rNeg    + . .      Spirit   .    b - +0 scale mail
rPois   ∞          Reflect  .    (no helmet)
rElec   +          Harm     .    (no cloak)
rCorr   +          Rampage  .    (no gloves)
Will    .....                    (no boots) Stlth
                                 (no amulet)
HPRegen 0.24/turn                (no ring)
MPRegen 0.09/turn                (no ring)

@: confused, resistant
A: sickness immunity, AC +3, negative energy resistance 1, electricity
resistance, torment resistance 1, petrification resistance
a: no special abilities


You were on level 2 of the Dungeon.
You visited 1 branch of the dungeon, and saw 2 of its levels.

You collected 159 gold pieces.

Inventory:

Hand Weapons
 a - a +0 war axe (weapon)
Missiles
 n - 3 silver javelins (quivered)
Armour
 b - a +0 scale mail (worn)
 c - a +0 buckler (worn)
Jewellery
 q - an amulet of reflection
Scrolls
 e - a scroll of amnesia {unknown}
 f - 2 scrolls of identify {unknown}
 g - 3 scrolls of fog {unknown}
 i - a scroll of enchant armour {unknown}
 j - a scroll of teleportation {unknown}
 k - a scroll of immolation {unknown}
 m - a scroll of magic mapping {unknown}
Potions
 d - 2 potions of might
 h - 3 potions of heal wounds {unknown}
 l - a potion of resistance {unknown}
 o - a potion of flight {unknown}
 p - a potion of brilliance {unknown}


   Skills:
 + Level 3.7 Fighting
 + Level 2.8 Axes
 + Level 3.8 Armour
 + Level 3.6 Shields


You had 3 spell levels left.
You didn't know any spells.
Your spell library contained the following spells:

 Spells                   Type           Power      Damage    Failure   Level
 Necrotise                Necr           0%         1d4       85%         1
 Vampiric Draining        Necr           0%         2d6       99%         3
 Agony                    Necr           0%         N/A       100%        5


Dungeon Overview and Level Annotations

Branches:
Dungeon (2/15)

Altars:

Annotations:
D:2 Crazy Yiuf


Innate Abilities, Weirdness & Mutations

You are immune to sickness and miasma.
Your stone body is resilient. (AC +3)
You are immune to poison.
You resist negative energy. (rN+)
You are resistant to electric shocks. (rElec)
You are resistant to unholy torment.
You are immune to petrification.


Message History

Could not explore, unopened runed door.
Could not explore, unopened runed door.
No reachable target in view!
You open the door. You hit Crazy Yiuf.
Crazy Yiuf is moderately wounded.
Crazy Yiuf whimpers, "Goldfish sing-song sow!"
Crazy Yiuf hits you with a +4 quarterstaff of chaos.
You resist with some effort.
Crazy Yiuf hits you with a +4 quarterstaff of chaos!
You closely miss Crazy Yiuf.
Crazy Yiuf is moderately wounded.
Crazy Yiuf hits you but does no damage.
You hit Crazy Yiuf.
Crazy Yiuf is moderately wounded.
Crazy Yiuf cries, "Paint pizzabubble unthinkable!"
Crazy Yiuf hits you with a +4 quarterstaff of chaos.
You feel your power leaking away.
Crazy Yiuf hits you with a +4 quarterstaff of chaos.
Crazy Yiuf burns you.
* * * LOW HITPOINT WARNING * * *
You hit Crazy Yiuf.
Crazy Yiuf is heavily wounded.
Crazy Yiuf hits you with a +4 quarterstaff of chaos.
* * * LOW HITPOINT WARNING * * *
You feel protected.
You hit Crazy Yiuf.
Crazy Yiuf is severely wounded.
Crazy Yiuf misses you.
You barely miss Crazy Yiuf.
Crazy Yiuf is severely wounded.
Crazy Yiuf hits you but does no damage. Crazy Yiuf barely misses you.
You hit Crazy Yiuf.
Crazy Yiuf is almost dead.
Crazy Yiuf hits you with a +4 quarterstaff of chaos.
* * * LOW HITPOINT WARNING * * *
You are confused.
You bump into the tree.
Crazy Yiuf hits you with a +4 quarterstaff of chaos.
You die...

#..#.##.#... #...#.(#....
#..#.##.#... ##### #..#.##.#...
#..)# #...#..#.... ###### #...#
##.#.##.#... #....# ...
##......)... #....# #g#
#..........# #....# ♣♣@♣
#......#.### #....# ♣.♣♣
###..#.#.)). #....# ♣♣.♣
#..#.##### ###.## ♣.♣♣
#..#....#. #.# ♣♣.♣♣
###..####... ####.# ♣...♣♣
#....# ###. ##....# ♣....♣
####.# ## ##.....## ##..##
####.#######
##.......###....####...........


You could see Crazy Yiuf.

Vanquished Creatures
  2 adders (D:2)
  A worm (D:2)
  A dart slug (D:1)
  4 ball pythons
  An endoplasm (D:2)
  A giant cockroach (D:2)
  3 goblins (D:1)
  6 hobgoblins
  2 jackals (D:1)
  A quokka (D:2)
  6 bats
  2 frilled lizards (D:1)
  3 kobolds
  7 rats
40 creatures vanquished.

Notes
Turn   | Place    | Note
-------+----------+-------------------------------------------
     0 | D:1      | bande the Gargoyle Fighter began the quest for the Orb.
     0 | D:1      | Reached XP level 1. HP: 14/14 MP: 1/1
   103 | D:1      | Found a faded altar of an unknown god.
   110 | D:1      | Reached XP level 2. HP: 18/19 MP: 2/2
   535 | D:2      | Reached XP level 3. HP: 20/23 MP: 3/3
   898 | D:2      | Found a runed translucent door.
   899 | D:2      | Noticed Crazy Yiuf
  1107 | D:2      | Reached XP level 4. HP: 29/29 MP: 4/4
  1260 | D:2      | HP: 1/29 [Crazy Yiuf/+4 quarterstaff of chaos (4)]
  1261 | D:2      | Slain by Crazy Yiuf

Illustrated notes

Levels and vault maps discovered:
D:1:      spicycebolla_green_bress_n_ham_2, layout_rooms,
          hellmonk_ecumenical_altar_dog_temple
D:2:      layout_loops_ring, chequers_arboretum, minmay_small_reverse_x,
          uniq_crazy_yiuf_cottage

Skill      XL: |  1 |
---------------+----+-----
Axes           | 2 |  2.8
Fighting       | |  3.7
Armour         | |  3.8
Shields        | |  3.6

Action                     |  1- 3 |  4- 6 || total
---------------------------+-------+-------++-------
  Melee: War axe           |    86 |    11 ||    97
 Armour: Scale mail        |    50 |     2 ||    52
  Dodge: Dodged            |    51 |     3 ||    54
  Block: Buckler           |    24 |       ||    24

Table legend: (Time is in decaauts)
 A = Elapsed time spent in this place.
 B = Non-inter-level travel time spent in this place.
 C = Inter-level travel time spent in this place.
 D = Time resting spent in this place.
 E = Time spent auto-exploring this place.
 F = Levels seen in this place.
 G = Mean time per level.
                   A        B        C        D        E       F      G
               +--------+--------+--------+--------+--------+-----+--------+
         Total |   1304 |   1264 |     40 |     37 |    952 |   2 |  652.0 |
       Dungeon |   1304 |   1264 |     40 |     37 |    952 |   2 |  652.0 |
               +--------+--------+--------+--------+--------+-----+--------+

Top non-repeatable levels by time:
     D:2: 765 daAuts
     D:1: 539 daAuts
